 Dungeon Crawl Stone Soup version 0.28.0 (webtiles) character file.

Game seed: 3181667500749934454

83 Steelback the Insei (level 4, -3/35 HPs)
             Began as a Draconian Transmuter on Feb 14, 2022.
             Slain by a gnoll (4 damage)
             ... on level 2 of the Dungeon.
             The game lasted 00:06:37 (2744 turns).

Steelback the Insei (Draconian Transmuter)          Turns: 2744, Time: 00:06:37

Health: -3/35      AC:  5    Str: 12    XL:     4   Next: 22%
Magic:  5/8        EV: 12    Int: 13    God:
Gold:   68         SH:  0    Dex: 14    Spells: 3/9 levels left

rFire   . . .      SeeInvis .     - Unarmed
rCold   . . .      Faith    .   (no shield)
rNeg    . . .      Spirit   .   (armour unavailable)
rPois   .          Reflect  .   (helmet restricted)
rElec   .          Harm     .   (no cloak)
rCorr   .          Rampage  .   (no gloves)
Will    .....                   (no boots)
Stlth   +.........              (no amulet)
HPRegen 0.11/turn               b - ring of flight
MPRegen 0.11/turn               (no ring)

@: flying, very slightly contaminated
A: AC +5, unfitting armour, cold-blooded
a: no special abilities


You were on level 2 of the Dungeon.
You visited 1 branch of the dungeon, and saw 3 of its levels.

You collected 68 gold pieces.

Inventory:

Jewellery
 b - a ring of flight (left hand)
Scrolls
 f - a scroll of magic mapping {unknown}
 h - a scroll of noise {unknown}
 k - a scroll of fog {unknown}
 l - a scroll of teleportation {unknown}
Potions
 a - 3 potions of curing
 c - a potion of brilliance {unknown}
 d - a potion of might {unknown}
 g - a potion of mutation {unknown}
 i - a potion of haste {unknown}
 j - a potion of ambrosia {unknown}


   Skills:
 + Level 1.1 Fighting
 + Level 1.9 Dodging
 + Level 3.6 Unarmed Combat
 + Level 3.1 Spellcasting
 * Level 2.8 Transmutations


You had 3 spell levels left.
You knew the following spells:

 Your Spells              Type           Power      Damage    Failure   Level
a - Beastly Appendage     Tmut           18%        N/A       7%          1
b - Wereblood             Tmut           9%         N/A       11%         2
c - Spider Form           Tmut/Pois      5%         N/A       36%         3

Your spell library contained the following spells:

 Spells                   Type           Power      Damage    Failure   Level
 Ice Form                 Ice/Tmut       5%         N/A       77%         4


Dungeon Overview and Level Annotations

Branches:
Dungeon (3/15)

Altars:


Innate Abilities, Weirdness & Mutations

Your plain brown scales are hard. (AC +5)
You cannot fit into any form of body armour.
You are cold-blooded and may be slowed by cold attacks.


Message History

You shred the net and break free!
The gnoll throws a throwing net.
The throwing net hits you.
You become entangled in the net!
The gnoll hits you with a +0 whip!
You struggle against the net.
The gnoll hits you with a +0 whip.
You struggle against the net.
The gnoll hits you but does no damage. The gnoll hits you with a +0 whip.
You struggle against the net.
The gnoll hits you but does no damage. The gnoll hits you with a +0 whip.
You rip the net and break free!
The gnoll closely misses you. The gnoll hits you with a +0 whip.
You hit the gnoll but do no damage. You claw the gnoll.
The gnoll is moderately wounded.
The gnoll hits you with a +0 club. The gnoll misses you.
You barely miss the gnoll.
The gnoll is moderately wounded.
The gnoll closely misses you. The gnoll hits you with a +0 whip.
* * * LOW HITPOINT WARNING * * *
You closely miss the gnoll.
Your tail-slap misses the gnoll.
You punch the gnoll.
The gnoll is heavily wounded.
Your horns disappear.
Your talons disappear.
The gnoll barely misses you. The gnoll hits you with a +0 whip.
* * * LOW HITPOINT WARNING * * *
As you read the scroll labelled JITTOE GEWI, it crumbles to dust.
The creatures around you are filled with an inner flame!
It was a scroll of immolation.
The gnoll closely misses you. x2
The gnoll barely misses you. x2
You fly upwards.
There is a stone staircase leading down here.
You are too injured to fight recklessly!
You are too injured to fight recklessly!
Casting: Beastly Appendage (safe; 7% risk of failure)
Confirm with . or Enter, or press ? or * to list all spells.
The spell is quite dangerous to miscast (36% risk of failure)!
Continue anyway?
You miscast Spider Form.
You are very lightly contaminated with residual magic.
Nothing appears to happen.
The gnoll hits you with a +0 club.
* * * LOW HITPOINT WARNING * * *
The gnoll hits you with a +0 whip.
You die...

..# #.# #.# #.#
### #.###
########.# #.# ..#
#...# #........#
#.# #.######.#
#.##########.#
#.....##.#
#.##.........#
#####.##.#
#.##.######### #
#.##.# #.##.#
#####.##.####.##g#
...............g@#
##.##.##.####.####
......##.# #....#
##.##.##.# ####.#
.#.#####.# #.#
.#.# #.# #.# ...#
#.# #.# ...# #.#
#.# ...# #.#
#.#############


You could see 2 gnolls.

Vanquished Creatures
  2 adders
  2 gnolls (D:2)
  2 dart slugs (D:1)
  3 endoplasms
  2 giant cockroaches (D:1)
  3 goblins
  A hobgoblin (D:2)
  3 jackals (D:2)
  4 kobolds (D:1)
  9 ball pythons
  7 bats
  4 frilled lizards (D:1)
  A rat (D:1)
43 creatures vanquished.

Notes
Turn   | Place    | Note
-------+----------+-------------------------------------------
     0 | D:1      | Steelback the Draconian Transmuter began the quest for the
                  | Orb.
     0 | D:1      | Reached XP level 1. HP: 16/16 MP: 3/3
   340 | D:1      | Reached XP level 2. HP: 23/23 MP: 3/5
  1193 | D:2      | Reached XP level 3. HP: 28/28 MP: 5/7
  1683 | D:2      | Learned a level 2 spell: Wereblood
  1687 | D:2      | Learned a level 3 spell: Spider Form
  2577 | D:2      | Reached XP level 4. HP: 25/35 MP: 8/8
  2744 | D:2      | HP: 1/35 [gnoll (4)]
  2744 | D:2      | Slain by a gnoll

Illustrated notes

Levels and vault maps discovered:
D:1:      dpeg_arrival_shrine, layout_basic, minmay_heptomino_d4
D:2:      layout_basic, kennysheep_another_room
D:3:      layout_loops_ring, minmay_misc_feat_hallway,
          minmay_misc_feat_secret_circle

Skill      XL: |  1  2  3 |
---------------+----------+-----
Spellcasting   | 3 |  3.1
Fighting       | |  1.1
Dodging        | |  1.9
Unarmed Combat | |  3.6
Transmutations | |  2.8

Action                   |  1- 3 |  4- 6 || total
-------------------------+-------+-------++-------
Melee: Unarmed           |   113 |    10 ||   123
       Tailslap          |    14 |       ||    14
       Kick              |    18 |     4 ||    22
       Headbutt          |    10 |       ||    10
       Punch             |     2 |     2 ||     4
 Cast: Beastly Appendage |    37 |     2 ||    39
  Use: Scroll            |     2 |     1 ||     3
 Stab: Sleeping          |     1 |       ||     1
Armor: Skin              |    31 |     3 ||    34
Dodge: Dodged            |    72 |    13 ||    85
